Pick #1

Pick #2

Pick #3

Pick #4

Pick #5

Pick #6

Pick #7

Pick #8

Pick #9

Pick #10

Pick #11

Pick #12

Pick #13

Pick #14

Pick #15

Pick #16

Pick #17

Pick #18

Pick #19

Pick #20

Pick #21

Pick #22

Pick #23

Pick #24

Pick #25

Pick #26

Pick #27

Pick #28

Pick #29

Pick #30

Pick #31

Pick #32

Pick #33

Pick #34

Pick #35

Pick #36

Pick #37

Pick #38

Pick #39

Pick #40

Pick #41

Pick #42

Pick #43

Pick #44

Pick #45

Pick #46

Pick #47

Pick #48

Pick #49

Pick #50

Pick #51

Pick #52

Pick #53

Pick #54

Pick #55

Pick #56

Pick #57

Pick #58

Pick #59

Pick #60

Pick #61

Pick #62

Pick #63

Pick #64

Pick #65

Pick #66

Pick #67

Pick #68

Pick #69

Pick #70

Pick #71

Pick #72

Pick #73

Pick #74

Pick #75

Pick #76

Pick #77

Pick #78

Pick #79

Pick #80

Pick #81

Pick #82

Pick #83

Pick #84

Pick #85

Pick #86

Pick #87

Pick #88

Pick #89

Pick #90

Pick #91

Pick #92

Pick #93

Pick #94

Pick #95

Pick #96

Pick #97

Pick #98

Pick #99

Pick #100

Pick #101

Pick #102

Pick #103

Pick #104

Pick #105

Pick #106

Pick #107

Pick #108

Pick #109

Pick #110

Pick #111

Pick #112

Pick #113

Pick #114

Pick #115

Pick #116

Pick #117

Pick #118

Pick #119

Pick #120

Pick #121

Pick #122

Pick #123

Pick #124

Pick #125

Pick #126

Pick #127

Pick #128

Pick #129

Pick #130

Full Scoreboard »»

Oilers vs Flames

Created - April 9, 2024 at 22:31

Goals
1 2 3 OT1 T
Oilers 1 0 3 1 5
Flames 1 1 2 0 4
Shots
1 2 3 OT1 T
Oilers 8 10 13 5 36
Flames 8 17 12 7 44

GoalsPenalties
1st period
1. Flames , Lawson Crouse 1 (Steven Stamkos 2, Dmitry Orlov 1) at 8:25
2. Oilers , Dylan Strome 1 (Ondrej Palat 1, Vladislav Gavrikov 2) at 13:06
Erik Gudbranson (CGY) for Holding (Minor) at 14:53
2nd period
3. Flames , Sebastian Aho 1 (John Tavares 1, Alex Ovechkin 2) at 0:58
No Penalty
3rd period
4. Oilers , Troy Stecher 1 (Dylan Strome 2, Ondrej Palat 2) at 3:22
5. Oilers , Josh Bailey 1 (Brandon Hagel 2, Jack Campbell) at 7:09 (PP)
6. Oilers , Cole Perfetti 1 (Ondrej Palat 3, Alexander Barabanov 1) at 9:05 (PP)
7. Flames , Josh Morrissey 1 (Alex Ovechkin 3, Jared Spurgeon 1) at 13:01 (PP)
8. Flames , Jordan Eberle 1 (Jordan Kyrou 1, Dmitry Orlov 2) at 13:21
Ryan Johansen (EDM) for Goalie Interference (Minor) at 3:49
Alex Ovechkin (CGY) for Holding (Minor) at 4:37
Adam Larsson (CGY) for Hooking (Minor) at 6:30
Lawson Crouse (CGY) for Hooking (Minor) at 7:10
Alexander Barabanov (EDM) for Hooking (Minor) at 12:25
Overtime #1
9. Oilers , Dylan Strome 2 (Cole Perfetti 1, Jamie Drysdale 1) at 9:55
Jordan Staal (CGY) for Hooking (Minor) at 0:44
Goalie Stats
Jack Campbell (EDM), 40 saves from 44 shots - (0.909), W, 1-1-0, 69:56 minutes
Vitek Vanecek (CGY), 31 saves from 36 shots - (0.861), OTL, 1-0-1, 69:56 minutes
3 StarsOfficial
1 - Dylan Strome (EDM)
2 - Ondrej Palat (EDM)
3 - Cole Perfetti (EDM)
Referees : Tim Peel and Ben O'Quinn
Linesman : Derek Amell and Tyson Baker
Game Note
No Game Note
Finance
Level 1 -- Attendance: 5676 (87.32%) -- Ticket Income $709,500
Level 2 -- Attendance: 5000 (100.00%) -- Ticket Income $375,000
Level 3 -- Attendance: 3500 (100.00%) -- Ticket Income $175,000
Level 4 -- Attendance: 3195 (97.14%) -- Ticket Income $137,385
Luxury Box -- Attendance: 1000 (100.00%) -- Ticket Income $150,000
Game was played at the Scotiabank Saddledome.
Total Attendance: 18371 (95.24%)
Total Ticket Income: $1,546,885
Other Income: $386,721
Total Income: $1,933,606



Team Name Goals Shots Shots Attemp Shots Blocked PIM HIT PP PK FO%
Oilers 5366884272 / 5 (40%)144%
Flames 444741010301 / 2 (50%)256%

Oilers
Player Name POS G A P +/- PIM HIT SHT SB MP PP MP PP SHT PK MP PK SHT FO% FOT
Alexander BarabanovLW011-1222018:313:1800:000100% 1
Brandon HagelLW0110015119:283:5620:52050% 2
Brock BoeserRW0000012018:363:5600:0000% 0
Casey CizikasC000-1020015:590:0000:00054% 26
Cole PerfettiC1122012018:123:1810:00025% 4
Dylan StromeC2132014019:223:5610:32039% 31
Jakob SilfverbergRW000-1003016:420:0000:520100% 1
Jamie DrysdaleD0112001123:563:4600:0000% 0
Josh BaileyRW101-1014018:423:2830:0000% 0
Kasperi KapanenRW000-1003015:590:0000:0000% 1
Mattias SamuelssonD000-2031121:020:0000:0000% 0
Nikita ZaitsevD0000031224:163:2800:3300% 0
Ondrej PalatLW0332022018:123:1800:0000% 1
Paul StastnyC000-1022015:590:0000:14043% 21
Ryan JohansenC0000221118:433:4600:18043% 23
Scott MayfieldD000-2021221:130:0000:5100% 0
Troy StecherD1012021020:520:0000:5100% 0
Vladislav GavrikovD0110021021:190:0000:3300% 0
Flames
Player Name POS G A P +/- PIM HIT SHT SB MP PP MP PP SHT PK MP PK SHT FO% FOT
Adam LarssonD0000240426:370:0103:5200% 0
Alex DeBrincatRW0000024020:500:4700:0000% 0
Alex OvechkinLW0221255121:040:3600:4100% 0
Dmitry OrlovD0222002018:160:0100:0600% 0
Erik GudbransonD0002220018:140:0002:5000% 0
Esa LindellD0000012122:390:0000:2800% 0
Jakub VranaLW0000002010:250:0004:3900% 0
Jared SpurgeonD011-2000025:301:2303:0900% 0
John TavaresC0111023020:340:4700:00052% 33
Jordan EberleRW101-1013114:310:0000:000100% 1
Jordan KyrouC011-1002015:040:0000:00050% 2
Jordan StaalC000-1260118:300:0003:27056% 27
Josh MorrisseyD101-2013028:341:2314:0200% 0
Lawson CrouseLW1010246020:490:4700:00050% 2
Pierre-Edouard BellemareLW000000008:120:0001:480100% 1
Sean KuralyC000002029:300:0003:06053% 15
Sebastian AhoC1011008021:050:3700:4100% 0
Steven StamkosC0110004020:400:3700:00060% 30



Play-by-Play

1st period


0:01 of 1st period - John Tavares wins face-off versus Ryan Johansen in neutral zone.
0:20 of 1st period - Shot by Brandon Hagel.
0:20 of 1st period - Stopped by Vitek Vanecek without a rebound.
0:21 of 1st period - Dylan Strome wins face-off versus Steven Stamkos in Flames zone.
1:06 of 1st period - Shot by Alex DeBrincat.
1:06 of 1st period - Shot Misses the Net.
1:18 of 1st period - Icing by Erik Gudbranson.
1:19 of 1st period - Paul Stastny wins face-off versus Jordan Staal in Flames zone.
1:45 of 1st period - Off-side.
1:46 of 1st period - Casey Cizikas wins face-off versus John Tavares in neutral zone.
1:59 of 1st period - Icing by Jared Spurgeon.
2:00 of 1st period - Ryan Johansen wins face-off versus John Tavares in Flames zone.
2:07 of 1st period - Shot by Sebastian Aho.
2:07 of 1st period - Stopped by Jack Campbell without a rebound.
2:08 of 1st period - Casey Cizikas wins face-off versus Sean Kuraly in Oilers zone.
2:14 of 1st period - Icing by Vladislav Gavrikov.
2:15 of 1st period - Casey Cizikas wins face-off versus John Tavares in Oilers zone.
2:36 of 1st period - Shot by Alex Ovechkin.
2:36 of 1st period - Shot Misses the Net.
2:39 of 1st period - Icing by Casey Cizikas.
2:40 of 1st period - Jordan Staal wins face-off versus Casey Cizikas in Oilers zone.
3:09 of 1st period - Icing by Adam Larsson.
3:10 of 1st period - Paul Stastny wins face-off versus Jordan Staal in Flames zone.
3:10 of 1st period - Mattias Samuelsson is hit by Adam Larsson and loses puck.
3:40 of 1st period - Shot by Paul Stastny.
3:40 of 1st period - Shot Blocked by Adam Larsson.
3:42 of 1st period - Shot by Scott Mayfield.
3:42 of 1st period - Shot Blocked by Jordan Eberle.
3:44 of 1st period - Shot by Mattias Samuelsson.
3:44 of 1st period - Stopped by Vitek Vanecek without a rebound.
3:45 of 1st period - Steven Stamkos wins face-off versus Ryan Johansen in Flames zone.
3:53 of 1st period - Steven Stamkos is hit by Troy Stecher and loses puck.
4:06 of 1st period - Shot by Lawson Crouse.
4:06 of 1st period - Stopped by Jack Campbell without a rebound.
4:07 of 1st period - Dylan Strome wins face-off versus John Tavares in Oilers zone.
5:09 of 1st period - Icing by Dmitry Orlov.
5:10 of 1st period - Ryan Johansen wins face-off versus Steven Stamkos in Flames zone.
6:14 of 1st period - Sean Kuraly is hit by Troy Stecher and loses puck.
6:35 of 1st period - Shot by Jakub Vrana.
6:35 of 1st period - Stopped by Jack Campbell without a rebound.
6:36 of 1st period - John Tavares wins face-off versus Casey Cizikas in Oilers zone.
8:02 of 1st period - Shot by Jordan Kyrou.
8:02 of 1st period - Shot Hit the Post.
8:09 of 1st period - Icing by Scott Mayfield.
8:10 of 1st period - Steven Stamkos wins face-off versus Dylan Strome in Oilers zone.
8:25 of 1st period - Shot by Steven Stamkos.
8:25 of 1st period - Deflect By Lawson Crouse.
8:25 of 1st period - Goal by Lawson Crouse - Oilers : 0 - Flames : 1.
8:26 of 1st period - Paul Stastny wins face-off versus Sean Kuraly in neutral zone.
8:39 of 1st period - Shot by Paul Stastny.
8:39 of 1st period - Shot Misses the Net.
8:41 of 1st period - Shot by Alexander Barabanov.
8:41 of 1st period - Shot Misses the Net.
9:01 of 1st period - Shot by Alexander Barabanov.
9:01 of 1st period - Stopped by Vitek Vanecek with a rebound.
10:07 of 1st period - Shot by Steven Stamkos.
10:07 of 1st period - Shot Blocked by Nikita Zaitsev.
10:42 of 1st period - Icing by Mattias Samuelsson.
10:43 of 1st period - Jordan Staal wins face-off versus Casey Cizikas in Oilers zone.
11:03 of 1st period - Shot by Jordan Kyrou.
11:03 of 1st period - Shot Misses the Net.
11:28 of 1st period - Icing by Mattias Samuelsson.
11:29 of 1st period - Steven Stamkos wins face-off versus Casey Cizikas in Oilers zone.
11:40 of 1st period - Shot by Steven Stamkos.
11:40 of 1st period - Stopped by Jack Campbell without a rebound.
11:41 of 1st period - John Tavares wins face-off versus Paul Stastny in Oilers zone.
12:05 of 1st period - Shot by Sebastian Aho.
12:05 of 1st period - Deflect By Alex Ovechkin.
12:05 of 1st period - Shot Misses the Net.
12:44 of 1st period - Shot by Lawson Crouse.
12:44 of 1st period - Stopped by Jack Campbell without a rebound.
12:45 of 1st period - Jordan Eberle wins face-off versus Ryan Johansen in Oilers zone.
12:54 of 1st period - Shot by Jordan Kyrou.
12:54 of 1st period - Stopped by Jack Campbell without a rebound.
12:55 of 1st period - Steven Stamkos wins face-off versus Dylan Strome in Oilers zone.
13:06 of 1st period - Shot by Dylan Strome.
13:06 of 1st period - Goal by Dylan Strome - Oilers : 1 - Flames : 1.
13:07 of 1st period - Jordan Staal wins face-off versus Ryan Johansen in neutral zone.
13:29 of 1st period - Icing by Brandon Hagel.
13:30 of 1st period - Lawson Crouse wins face-off versus Ryan Johansen in Oilers zone.
13:39 of 1st period - Shot by Brock Boeser.
13:39 of 1st period - Stopped by Vitek Vanecek without a rebound.
13:40 of 1st period - John Tavares wins face-off versus Dylan Strome in Flames zone.
14:16 of 1st period - Shot by Sebastian Aho.
14:16 of 1st period - Stopped by Jack Campbell without a rebound.
14:17 of 1st period - Steven Stamkos wins face-off versus Casey Cizikas in Oilers zone.
14:32 of 1st period - Shot by Kasperi Kapanen.
14:32 of 1st period - Stopped by Vitek Vanecek with a rebound.
14:53 of 1st period - Minor Penalty to Erik Gudbranson for Holding.
14:54 of 1st period - Jordan Staal wins face-off versus Dylan Strome in Flames zone.
15:21 of 1st period - Shot by Dylan Strome.
15:21 of 1st period - Stopped by Vitek Vanecek with a rebound.
15:23 of 1st period - Shot by Brandon Hagel.
15:23 of 1st period - Stopped by Vitek Vanecek without a rebound.
15:24 of 1st period - Sean Kuraly wins face-off versus Cole Perfetti in Flames zone.
16:28 of 1st period - Shot by Brandon Hagel.
16:28 of 1st period - Shot Blocked by Jordan Staal.
16:45 of 1st period - Jordan Staal is hit by Brock Boeser and loses puck.
17:14 of 1st period - Mattias Samuelsson is hit by Lawson Crouse and loses puck.
18:03 of 1st period - Shot by Sebastian Aho.
18:03 of 1st period - Shot Blocked by Jamie Drysdale.
19:10 of 1st period - Icing by Jared Spurgeon.
19:11 of 1st period - Jordan Staal wins face-off versus Dylan Strome in Flames zone.
19:16 of 1st period - Nikita Zaitsev is hit by Jordan Eberle and loses puck.
Goals for this period are 1 for Oilers vs 1 for Flames.
Shots for this period are 8 for Oilers vs 8 for Flames.

2nd period


0:01 of 2nd period - Steven Stamkos wins face-off versus Ryan Johansen in neutral zone.
0:04 of 2nd period - Brock Boeser is hit by Lawson Crouse and loses puck.
0:27 of 2nd period - Shot by Steven Stamkos.
0:27 of 2nd period - Stopped by Jack Campbell without a rebound.
0:28 of 2nd period - John Tavares wins face-off versus Paul Stastny in Oilers zone.
0:56 of 2nd period - Shot by John Tavares.
0:56 of 2nd period - Deflect By Sebastian Aho.
0:56 of 2nd period - Stopped by Jack Campbell with a rebound.
0:58 of 2nd period - Shot by John Tavares.
0:58 of 2nd period - Deflect By Sebastian Aho.
0:58 of 2nd period - Goal by Sebastian Aho - Oilers : 1 - Flames : 2.
0:59 of 2nd period - Steven Stamkos wins face-off versus Ryan Johansen in neutral zone.
1:28 of 2nd period - Shot by Brandon Hagel.
1:28 of 2nd period - Stopped by Vitek Vanecek without a rebound.
1:29 of 2nd period - Dylan Strome wins face-off versus Jordan Staal in Flames zone.
1:32 of 2nd period - Shot by Ondrej Palat.
1:32 of 2nd period - Stopped by Vitek Vanecek without a rebound.
1:33 of 2nd period - Dylan Strome wins face-off versus Jordan Staal in Flames zone.
2:02 of 2nd period - Dylan Strome is hit by Jordan Staal and loses puck.
2:42 of 2nd period - Icing by Erik Gudbranson.
2:43 of 2nd period - Jordan Staal wins face-off versus Ryan Johansen in Flames zone.
2:43 of 2nd period - Jordan Staal is hit by Ryan Johansen.
3:29 of 2nd period - Brandon Hagel is hit by Josh Morrissey and loses puck.
4:10 of 2nd period - Shot by Josh Bailey.
4:10 of 2nd period - Stopped by Vitek Vanecek without a rebound.
4:11 of 2nd period - Sean Kuraly wins face-off versus Casey Cizikas in Flames zone.
4:39 of 2nd period - Shot by Jakub Vrana.
4:39 of 2nd period - Shot Misses the Net.
4:58 of 2nd period - Icing by Esa Lindell.
4:59 of 2nd period - Paul Stastny wins face-off versus Sean Kuraly in Flames zone.
5:10 of 2nd period - Shot by Josh Bailey.
5:10 of 2nd period - Shot Misses the Net.
5:12 of 2nd period - Shot by Paul Stastny.
5:12 of 2nd period - Stopped by Vitek Vanecek without a rebound.
5:13 of 2nd period - John Tavares wins face-off versus Ryan Johansen in Flames zone.
5:34 of 2nd period - Shot by Brock Boeser.
5:34 of 2nd period - Shot Blocked by Alex Ovechkin.
5:43 of 2nd period - Alex Ovechkin is hit by Brandon Hagel and loses puck.
5:50 of 2nd period - Shot by Sebastian Aho.
5:50 of 2nd period - Stopped by Jack Campbell without a rebound.
5:51 of 2nd period - Casey Cizikas wins face-off versus Steven Stamkos in Oilers zone.
6:28 of 2nd period - Shot by Steven Stamkos.
6:28 of 2nd period - Shot Misses the Net.
6:30 of 2nd period - Shot by Dmitry Orlov.
6:30 of 2nd period - Stopped by Jack Campbell with a rebound.
6:32 of 2nd period - Shot by Alex DeBrincat.
6:32 of 2nd period - Deflect By Steven Stamkos.
6:32 of 2nd period - Stopped by Jack Campbell without a rebound.
6:33 of 2nd period - John Tavares wins face-off versus Paul Stastny in Oilers zone.
6:50 of 2nd period - Shot by Alex Ovechkin.
6:50 of 2nd period - Shot Misses the Net.
6:52 of 2nd period - Shot by Alex Ovechkin.
6:52 of 2nd period - Shot Misses the Net.
6:58 of 2nd period - Shot by Sebastian Aho.
6:58 of 2nd period - Stopped by Jack Campbell without a rebound.
6:59 of 2nd period - Dylan Strome wins face-off versus Jordan Staal in Oilers zone.
7:36 of 2nd period - Shot by Jordan Kyrou.
7:36 of 2nd period - Stopped by Jack Campbell with a rebound.
7:42 of 2nd period - Shot by Cole Perfetti.
7:42 of 2nd period - Stopped by Vitek Vanecek without a rebound.
7:43 of 2nd period - Paul Stastny wins face-off versus John Tavares in Flames zone.
8:04 of 2nd period - Shot by Alex Ovechkin.
8:04 of 2nd period - Stopped by Jack Campbell with a rebound.
8:08 of 2nd period - Shot by John Tavares.
8:08 of 2nd period - Shot Misses the Net.
8:16 of 2nd period - Shot by John Tavares.
8:16 of 2nd period - Shot Misses the Net.
9:16 of 2nd period - Shot by Alex DeBrincat.
9:16 of 2nd period - Stopped by Jack Campbell without a rebound.
9:17 of 2nd period - Ryan Johansen wins face-off versus Jordan Staal in Oilers zone.
9:27 of 2nd period - Icing by Ryan Johansen.
9:28 of 2nd period - Ryan Johansen wins face-off versus Sean Kuraly in Oilers zone.
9:28 of 2nd period - Brandon Hagel is hit by Sean Kuraly and loses puck.
9:39 of 2nd period - Shot by Brock Boeser.
9:39 of 2nd period - Deflect By Brandon Hagel.
9:39 of 2nd period - Stopped by Vitek Vanecek with a rebound.
9:48 of 2nd period - Icing by Brandon Hagel.
9:49 of 2nd period - Ryan Johansen wins face-off versus Steven Stamkos in Oilers zone.
9:49 of 2nd period - Ryan Johansen is hit by Alex DeBrincat.
10:23 of 2nd period - Shot by Steven Stamkos.
10:23 of 2nd period - Shot Blocked by Brandon Hagel.
10:25 of 2nd period - Shot by Jared Spurgeon.
10:25 of 2nd period - Shot Misses the Net.
10:55 of 2nd period - Shot by Sebastian Aho.
10:55 of 2nd period - Stopped by Jack Campbell without a rebound.
10:56 of 2nd period - Jordan Kyrou wins face-off versus Casey Cizikas in Oilers zone.
11:33 of 2nd period - Off-side.
11:34 of 2nd period - John Tavares wins face-off versus Dylan Strome in neutral zone.
11:36 of 2nd period - Off-side.
11:37 of 2nd period - John Tavares wins face-off versus Dylan Strome in neutral zone.
11:37 of 2nd period - Alex Ovechkin is hit by Ondrej Palat and loses puck.
11:48 of 2nd period - Shot by Ondrej Palat.
11:48 of 2nd period - Shot Blocked by Adam Larsson.
11:50 of 2nd period - Shot by Scott Mayfield.
11:50 of 2nd period - Stopped by Vitek Vanecek without a rebound.
11:51 of 2nd period - Steven Stamkos wins face-off versus Paul Stastny in Flames zone.
11:51 of 2nd period - Steven Stamkos is hit by Paul Stastny.
11:59 of 2nd period - Icing by Nikita Zaitsev.
12:00 of 2nd period - John Tavares wins face-off versus Paul Stastny in Oilers zone.
12:25 of 2nd period - Sebastian Aho is hit by Paul Stastny and loses puck.
12:53 of 2nd period - Sebastian Aho is hit by Cole Perfetti and loses puck.
13:10 of 2nd period - Shot by Ondrej Palat.
13:10 of 2nd period - Stopped by Vitek Vanecek without a rebound.
13:11 of 2nd period - Steven Stamkos wins face-off versus Casey Cizikas in Flames zone.
13:11 of 2nd period - Steven Stamkos is hit by Casey Cizikas.
13:16 of 2nd period - Lawson Crouse is hit by Scott Mayfield and loses puck.
13:23 of 2nd period - Shot by Lawson Crouse.
13:23 of 2nd period - Stopped by Jack Campbell without a rebound.
13:24 of 2nd period - Jordan Staal wins face-off versus Dylan Strome in Oilers zone.
14:46 of 2nd period - Shot by Kasperi Kapanen.
14:46 of 2nd period - Stopped by Vitek Vanecek without a rebound.
14:47 of 2nd period - Steven Stamkos wins face-off versus Ryan Johansen in Flames zone.
14:47 of 2nd period - Steven Stamkos is hit by Ryan Johansen.
14:52 of 2nd period - Josh Morrissey is hit by Vladislav Gavrikov and loses puck.
15:32 of 2nd period - Steven Stamkos is hit by Nikita Zaitsev and loses puck.
16:18 of 2nd period - Shot by Jakob Silfverberg.
16:18 of 2nd period - Stopped by Vitek Vanecek without a rebound.
16:19 of 2nd period - Dylan Strome wins face-off versus Sean Kuraly in Flames zone.
16:35 of 2nd period - Icing by Dmitry Orlov.
16:36 of 2nd period - Sean Kuraly wins face-off versus Paul Stastny in Flames zone.
16:36 of 2nd period - Dmitry Orlov is hit by Mattias Samuelsson and loses puck.
16:56 of 2nd period - Icing by Mattias Samuelsson.
16:57 of 2nd period - Alexander Barabanov wins face-off versus Steven Stamkos in Oilers zone.
16:57 of 2nd period - Alexander Barabanov is hit by Alex DeBrincat.
17:12 of 2nd period - Icing by Josh Morrissey.
17:13 of 2nd period - Steven Stamkos wins face-off versus Dylan Strome in Flames zone.
17:26 of 2nd period - Shot by Steven Stamkos.
17:26 of 2nd period - Deflect By Lawson Crouse.
17:26 of 2nd period - Shot Misses the Net.
17:28 of 2nd period - Shot by Steven Stamkos.
17:28 of 2nd period - Shot Misses the Net.
17:30 of 2nd period - Shot by Lawson Crouse.
17:30 of 2nd period - Stopped by Jack Campbell without a rebound.
17:31 of 2nd period - Casey Cizikas wins face-off versus John Tavares in Oilers zone.
17:31 of 2nd period - Casey Cizikas is hit by Alex Ovechkin.
17:52 of 2nd period - Casey Cizikas is hit by Adam Larsson and loses puck.
17:59 of 2nd period - Jakob Silfverberg is hit by John Tavares and loses puck.
18:14 of 2nd period - Shot by Alex Ovechkin.
18:14 of 2nd period - Stopped by Jack Campbell without a rebound.
18:15 of 2nd period - Steven Stamkos wins face-off versus Dylan Strome in Oilers zone.
18:28 of 2nd period - Shot by Steven Stamkos.
18:28 of 2nd period - Shot Misses the Net.
18:54 of 2nd period - Shot by Josh Morrissey.
18:54 of 2nd period - Stopped by Jack Campbell without a rebound.
18:55 of 2nd period - Ryan Johansen wins face-off versus Jordan Staal in Oilers zone.
18:55 of 2nd period - Scott Mayfield is hit by Jordan Staal and loses puck.
19:05 of 2nd period - Mattias Samuelsson is hit by Jordan Staal and loses puck.
19:10 of 2nd period - Shot by Jordan Eberle.
19:10 of 2nd period - Stopped by Jack Campbell with a rebound.
19:36 of 2nd period - Shot by Jordan Eberle.
19:36 of 2nd period - Shot Blocked by Scott Mayfield.
19:38 of 2nd period - Shot by Dmitry Orlov.
19:38 of 2nd period - Stopped by Jack Campbell with a rebound.
Goals for this period are 0 for Oilers vs 1 for Flames.
Shots for this period are 10 for Oilers vs 17 for Flames.

3rd period


0:01 of 3rd period - Steven Stamkos wins face-off versus Casey Cizikas in neutral zone.
0:10 of 3rd period - Casey Cizikas is hit by Lawson Crouse and loses puck.
0:21 of 3rd period - Shot by Alex DeBrincat.
0:21 of 3rd period - Shot Misses the Net.
0:23 of 3rd period - Shot by Esa Lindell.
0:23 of 3rd period - Stopped by Jack Campbell without a rebound.
0:24 of 3rd period - John Tavares wins face-off versus Dylan Strome in Oilers zone.
0:24 of 3rd period - John Tavares is hit by Nikita Zaitsev.
0:28 of 3rd period - Shot by Josh Morrissey.
0:28 of 3rd period - Stopped by Jack Campbell without a rebound.
0:29 of 3rd period - John Tavares wins face-off versus Paul Stastny in Oilers zone.
0:30 of 3rd period - Shot by Sebastian Aho.
0:30 of 3rd period - Stopped by Jack Campbell without a rebound.
0:31 of 3rd period - John Tavares wins face-off versus Ondrej Palat in Oilers zone.
0:35 of 3rd period - Icing by Cole Perfetti.
0:36 of 3rd period - John Tavares wins face-off versus Dylan Strome in Oilers zone.
1:01 of 3rd period - Shot by John Tavares.
1:01 of 3rd period - Stopped by Jack Campbell without a rebound.
1:02 of 3rd period - Paul Stastny wins face-off versus Steven Stamkos in Oilers zone.
1:31 of 3rd period - Shot by Paul Stastny.
1:31 of 3rd period - Stopped by Vitek Vanecek without a rebound.
1:32 of 3rd period - John Tavares wins face-off versus Casey Cizikas in Flames zone.
1:47 of 3rd period - Shot by Alex Ovechkin.
1:47 of 3rd period - Shot Blocked by Mattias Samuelsson.
2:03 of 3rd period - Dmitry Orlov is hit by Casey Cizikas and loses puck.
2:12 of 3rd period - Shot by Kasperi Kapanen.
2:12 of 3rd period - Stopped by Vitek Vanecek without a rebound.
2:13 of 3rd period - Steven Stamkos wins face-off versus Paul Stastny in Flames zone.
2:44 of 3rd period - Shot by Alexander Barabanov.
2:44 of 3rd period - Shot Misses the Net.
2:46 of 3rd period - Shot by Vladislav Gavrikov.
2:46 of 3rd period - Stopped by Vitek Vanecek with a rebound.
2:48 of 3rd period - Shot by Nikita Zaitsev.
2:48 of 3rd period - Stopped by Vitek Vanecek without a rebound.
2:49 of 3rd period - Jordan Staal wins face-off versus Dylan Strome in Flames zone.
3:20 of 3rd period - Shot by Ondrej Palat.
3:20 of 3rd period - Deflect By Dylan Strome.
3:20 of 3rd period - Shot Misses the Net.
3:22 of 3rd period - Shot by Troy Stecher.
3:22 of 3rd period - Goal by Troy Stecher - Oilers : 2 - Flames : 2.
3:23 of 3rd period - John Tavares wins face-off versus Ryan Johansen in neutral zone.
3:49 of 3rd period - Minor Penalty to Ryan Johansen for Goalie Interference.
3:50 of 3rd period - Brandon Hagel wins face-off versus John Tavares in Oilers zone.
3:50 of 3rd period - Brandon Hagel is hit by Lawson Crouse.
4:37 of 3rd period - Minor Penalty to Alex Ovechkin for Holding.
4:38 of 3rd period - Casey Cizikas wins face-off versus Jordan Kyrou in Flames zone.
5:10 of 3rd period - Icing by Jamie Drysdale.
5:11 of 3rd period - Casey Cizikas wins face-off versus Sean Kuraly in Oilers zone.
5:17 of 3rd period - Off-side.
5:18 of 3rd period - Sean Kuraly wins face-off versus Paul Stastny in neutral zone.
5:21 of 3rd period - Vladislav Gavrikov is hit by Sean Kuraly and loses puck.
5:28 of 3rd period - Shot by Jared Spurgeon.
5:28 of 3rd period - Shot Misses the Net.
5:51 of 3rd period - Off-side.
5:52 of 3rd period - Cole Perfetti wins face-off versus Jordan Staal in neutral zone.
6:07 of 3rd period - Shot by Jamie Drysdale.
6:07 of 3rd period - Shot Misses the Net.
6:09 of 3rd period - Shot by Jamie Drysdale.
6:09 of 3rd period - Shot Blocked by Adam Larsson.
6:30 of 3rd period - Minor Penalty to Adam Larsson for Hooking.
6:31 of 3rd period - Jordan Staal wins face-off versus Dylan Strome in Flames zone.
6:37 of 3rd period - Icing by Brandon Hagel.
6:38 of 3rd period - Pierre-Edouard Bellemare wins face-off versus Dylan Strome in Oilers zone.
7:05 of 3rd period - Shot by Brandon Hagel.
7:05 of 3rd period - Stopped by Vitek Vanecek with a rebound.
7:07 of 3rd period - Shot by Josh Bailey.
7:07 of 3rd period - Shot Misses the Net.
7:09 of 3rd period - Shot by Josh Bailey.
7:09 of 3rd period - Goal by Josh Bailey - Oilers : 3 - Flames : 2.
7:10 of 3rd period - Casey Cizikas wins face-off versus Steven Stamkos in neutral zone.
7:10 of 3rd period - Minor Penalty to Lawson Crouse for Hooking.
7:11 of 3rd period - Jordan Staal wins face-off versus Cole Perfetti in Flames zone.
8:18 of 3rd period - Shot by Josh Bailey.
8:18 of 3rd period - Deflect By Dylan Strome.
8:18 of 3rd period - Shot Misses the Net.
8:20 of 3rd period - Shot by Brock Boeser.
8:20 of 3rd period - Shot Misses the Net.
8:22 of 3rd period - Shot by Josh Bailey.
8:22 of 3rd period - Stopped by Vitek Vanecek with a rebound.
8:26 of 3rd period - Shot by Brock Boeser.
8:26 of 3rd period - Shot Hit the Post.
8:37 of 3rd period - Josh Bailey is hit by Adam Larsson and loses puck.
8:43 of 3rd period - Brock Boeser is hit by Adam Larsson and loses puck.
8:58 of 3rd period - Adam Larsson is hit by Ondrej Palat and loses puck.
9:03 of 3rd period - Shot by Ondrej Palat.
9:03 of 3rd period - Shot Blocked by Sean Kuraly.
9:05 of 3rd period - Shot by Cole Perfetti.
9:05 of 3rd period - Goal by Cole Perfetti - Oilers : 4 - Flames : 2.
9:06 of 3rd period - Steven Stamkos wins face-off versus Casey Cizikas in neutral zone.
9:27 of 3rd period - Shot by Esa Lindell.
9:27 of 3rd period - Stopped by Jack Campbell without a rebound.
9:28 of 3rd period - Paul Stastny wins face-off versus John Tavares in Oilers zone.
9:54 of 3rd period - Shot by Alex Ovechkin.
9:54 of 3rd period - Stopped by Jack Campbell without a rebound.
9:55 of 3rd period - Dylan Strome wins face-off versus Lawson Crouse in Oilers zone.
10:02 of 3rd period - Shot by Alex DeBrincat.
10:02 of 3rd period - Shot Misses the Net.
10:04 of 3rd period - Shot by Alex DeBrincat.
10:04 of 3rd period - Shot Misses the Net.
10:06 of 3rd period - Shot by Lawson Crouse.
10:06 of 3rd period - Shot Misses the Net.
10:08 of 3rd period - Shot by Alex DeBrincat.
10:08 of 3rd period - Deflect By Lawson Crouse.
10:08 of 3rd period - Stopped by Jack Campbell without a rebound.
10:09 of 3rd period - Jordan Staal wins face-off versus Kasperi Kapanen in Oilers zone.
10:09 of 3rd period - Josh Morrissey is hit by Mattias Samuelsson and loses puck.
10:19 of 3rd period - Jordan Eberle is hit by Scott Mayfield.
10:27 of 3rd period - Casey Cizikas is hit by Jordan Staal and loses puck.
10:32 of 3rd period - Shot by Jordan Eberle.
10:32 of 3rd period - Stopped by Jack Campbell without a rebound.
10:33 of 3rd period - Ryan Johansen wins face-off versus Steven Stamkos in Oilers zone.
10:58 of 3rd period - Shot by Alex DeBrincat.
10:58 of 3rd period - Stopped by Jack Campbell with a rebound.
11:03 of 3rd period - Off-side.
11:04 of 3rd period - Dylan Strome wins face-off versus John Tavares in neutral zone.
11:44 of 3rd period - Shot by Dylan Strome.
11:44 of 3rd period - Stopped by Vitek Vanecek without a rebound.
11:45 of 3rd period - Steven Stamkos wins face-off versus Paul Stastny in Flames zone.
11:45 of 3rd period - Steven Stamkos is hit by Alexander Barabanov.
11:48 of 3rd period - Esa Lindell is hit by Alexander Barabanov and loses puck.
11:56 of 3rd period - Alex DeBrincat is hit by Nikita Zaitsev and loses puck.
12:06 of 3rd period - Alex DeBrincat is hit by Vladislav Gavrikov and loses puck.
12:25 of 3rd period - Minor Penalty to Alexander Barabanov for Hooking.
12:26 of 3rd period - Ryan Johansen wins face-off versus Steven Stamkos in Oilers zone.
12:53 of 3rd period - Jared Spurgeon is hit by Dylan Strome.
12:59 of 3rd period - Shot by Josh Morrissey.
12:59 of 3rd period - Shot Misses the Net.
13:01 of 3rd period - Shot by Josh Morrissey.
13:01 of 3rd period - Goal by Josh Morrissey - Oilers : 4 - Flames : 3.
13:02 of 3rd period - Jordan Staal wins face-off versus Casey Cizikas in neutral zone.
13:21 of 3rd period - Shot by Jordan Eberle.
13:21 of 3rd period - Goal by Jordan Eberle - Oilers : 4 - Flames : 4.
13:22 of 3rd period - Sean Kuraly wins face-off versus Brandon Hagel in neutral zone.
13:27 of 3rd period - Shot by Pierre-Edouard Bellemare.
13:27 of 3rd period - Shot Blocked by Ryan Johansen.
13:59 of 3rd period - Shot by Jakub Vrana.
13:59 of 3rd period - Stopped by Jack Campbell without a rebound.
14:00 of 3rd period - Casey Cizikas wins face-off versus John Tavares in Oilers zone.
14:00 of 3rd period - Casey Cizikas is hit by John Tavares.
14:13 of 3rd period - Casey Cizikas is hit by Alex Ovechkin and loses puck.
14:26 of 3rd period - Shot by Sebastian Aho.
14:26 of 3rd period - Shot Blocked by Nikita Zaitsev.
15:18 of 3rd period - Dylan Strome is hit by Esa Lindell and loses puck.
17:31 of 3rd period - Shot by Jakob Silfverberg.
17:31 of 3rd period - Shot Blocked by Adam Larsson.
17:33 of 3rd period - Shot by Jakob Silfverberg.
17:33 of 3rd period - Stopped by Vitek Vanecek without a rebound.
17:34 of 3rd period - Jordan Staal wins face-off versus Dylan Strome in Flames zone.
17:50 of 3rd period - Icing by Ondrej Palat.
17:51 of 3rd period - Dylan Strome wins face-off versus John Tavares in Oilers zone.
17:51 of 3rd period - Dylan Strome is hit by Alex Ovechkin.
17:59 of 3rd period - Shot by Jamie Drysdale.
17:59 of 3rd period - Stopped by Vitek Vanecek without a rebound.
18:00 of 3rd period - Jordan Staal wins face-off versus Paul Stastny in Flames zone.
18:23 of 3rd period - Shot by Dmitry Orlov.
18:23 of 3rd period - Shot Blocked by Scott Mayfield.
18:49 of 3rd period - Off-side.
18:50 of 3rd period - Casey Cizikas wins face-off versus John Tavares in neutral zone.
19:03 of 3rd period - Icing by Jakob Silfverberg.
19:04 of 3rd period - Casey Cizikas wins face-off versus Sean Kuraly in Oilers zone.
19:09 of 3rd period - Shot by Jakob Silfverberg.
19:09 of 3rd period - Shot Hit the Post.
19:41 of 3rd period - Shot by Jakob Silfverberg.
19:41 of 3rd period - Stopped by Vitek Vanecek without a rebound.
19:42 of 3rd period - Dylan Strome wins face-off versus Jordan Staal in Flames zone.
19:50 of 3rd period - Ondrej Palat is hit by Erik Gudbranson and loses puck.
19:57 of 3rd period - Shot by Dylan Strome.
19:57 of 3rd period - Shot Misses the Net.
Goals for this period are 3 for Oilers vs 2 for Flames.
Shots for this period are 13 for Oilers vs 12 for Flames.

Overtime #1


0:01 of 1st overtime period - Ryan Johansen wins face-off versus John Tavares in neutral zone.
0:14 of 1st overtime period - Shot by John Tavares.
0:14 of 1st overtime period - Stopped by Jack Campbell without a rebound.
0:15 of 1st overtime period - Dylan Strome wins face-off versus Jordan Staal in Oilers zone.
0:15 of 1st overtime period - Cole Perfetti is hit by Jordan Staal and loses puck.
0:40 of 1st overtime period - Jordan Staal is hit by Mattias Samuelsson and loses puck.
0:44 of 1st overtime period - Minor Penalty to Jordan Staal for Hooking.
0:45 of 1st overtime period - Sean Kuraly wins face-off versus Dylan Strome in Flames zone.
1:22 of 1st overtime period - Shot by Brandon Hagel.
1:22 of 1st overtime period - Shot Misses the Net.
2:27 of 1st overtime period - Shot by Nikita Zaitsev.
2:27 of 1st overtime period - Shot Misses the Net.
2:29 of 1st overtime period - Shot by Josh Bailey.
2:29 of 1st overtime period - Stopped by Vitek Vanecek without a rebound.
2:30 of 1st overtime period - Sean Kuraly wins face-off versus Cole Perfetti in Flames zone.
2:44 of 1st overtime period - Icing by Ondrej Palat.
2:45 of 1st overtime period - Casey Cizikas wins face-off versus Steven Stamkos in Oilers zone.
3:38 of 1st overtime period - Dmitry Orlov is hit by Josh Bailey.
4:18 of 1st overtime period - Shot by Alexander Barabanov.
4:18 of 1st overtime period - Stopped by Vitek Vanecek without a rebound.
4:19 of 1st overtime period - Ryan Johansen wins face-off versus Jordan Staal in Flames zone.
4:19 of 1st overtime period - Brock Boeser is hit by Erik Gudbranson and loses puck.
4:40 of 1st overtime period - Shot by Brock Boeser.
4:40 of 1st overtime period - Stopped by Vitek Vanecek without a rebound.
4:41 of 1st overtime period - Sean Kuraly wins face-off versus Dylan Strome in Flames zone.
4:52 of 1st overtime period - Shot by Dylan Strome.
4:52 of 1st overtime period - Shot Blocked by Esa Lindell.
5:02 of 1st overtime period - Shot by Dylan Strome.
5:02 of 1st overtime period - Shot Blocked by Sean Kuraly.
5:04 of 1st overtime period - Shot by Dylan Strome.
5:04 of 1st overtime period - Shot Misses the Net.
5:06 of 1st overtime period - Shot by Cole Perfetti.
5:06 of 1st overtime period - Shot Misses the Net.
5:08 of 1st overtime period - Shot by Scott Mayfield.
5:08 of 1st overtime period - Shot Misses the Net.
5:10 of 1st overtime period - Shot by Dylan Strome.
5:10 of 1st overtime period - Shot Misses the Net.
5:12 of 1st overtime period - Shot by Cole Perfetti.
5:12 of 1st overtime period - Shot Misses the Net.
5:20 of 1st overtime period - Shot by Ondrej Palat.
5:20 of 1st overtime period - Shot Misses the Net.
5:26 of 1st overtime period - Shot by Dylan Strome.
5:26 of 1st overtime period - Shot Misses the Net.
5:50 of 1st overtime period - Shot by Alex Ovechkin.
5:50 of 1st overtime period - Stopped by Jack Campbell without a rebound.
5:51 of 1st overtime period - Paul Stastny wins face-off versus Steven Stamkos in Oilers zone.
6:01 of 1st overtime period - Icing by Alexander Barabanov.
6:02 of 1st overtime period - Paul Stastny wins face-off versus John Tavares in Oilers zone.
6:02 of 1st overtime period - Paul Stastny is hit by Alex Ovechkin.
6:17 of 1st overtime period - Shot by Alex Ovechkin.
6:17 of 1st overtime period - Deflect By John Tavares.
6:17 of 1st overtime period - Stopped by Jack Campbell without a rebound.
6:18 of 1st overtime period - Steven Stamkos wins face-off versus Ryan Johansen in Oilers zone.
6:43 of 1st overtime period - Shot by Steven Stamkos.
6:43 of 1st overtime period - Stopped by Jack Campbell without a rebound.
6:44 of 1st overtime period - Jakob Silfverberg wins face-off versus John Tavares in Oilers zone.
6:44 of 1st overtime period - Jamie Drysdale is hit by Alex Ovechkin and loses puck.
6:48 of 1st overtime period - Icing by Jamie Drysdale.
6:49 of 1st overtime period - Casey Cizikas wins face-off versus John Tavares in Oilers zone.
7:41 of 1st overtime period - Icing by Casey Cizikas.
7:42 of 1st overtime period - Casey Cizikas wins face-off versus Jordan Staal in Oilers zone.
7:42 of 1st overtime period - Casey Cizikas is hit by Jordan Staal.
8:26 of 1st overtime period - Shot by Ryan Johansen.
8:26 of 1st overtime period - Stopped by Vitek Vanecek without a rebound.
8:27 of 1st overtime period - Dylan Strome wins face-off versus Steven Stamkos in Flames zone.
8:42 of 1st overtime period - Shot by Alex DeBrincat.
8:42 of 1st overtime period - Stopped by Jack Campbell without a rebound.
8:43 of 1st overtime period - John Tavares wins face-off versus Paul Stastny in Oilers zone.
9:26 of 1st overtime period - Shot by Alex Ovechkin.
9:26 of 1st overtime period - Stopped by Jack Campbell without a rebound.
9:27 of 1st overtime period - Steven Stamkos wins face-off versus Ryan Johansen in Oilers zone.
9:34 of 1st overtime period - Shot by Lawson Crouse.
9:34 of 1st overtime period - Shot Misses the Net.
9:36 of 1st overtime period - Shot by Alex DeBrincat.
9:36 of 1st overtime period - Stopped by Jack Campbell without a rebound.
9:37 of 1st overtime period - Jordan Staal wins face-off versus Dylan Strome in Oilers zone.
9:53 of 1st overtime period - Shot by Dylan Strome.
9:53 of 1st overtime period - Shot Misses the Net.
9:55 of 1st overtime period - Shot by Dylan Strome.
9:55 of 1st overtime period - Goal by Dylan Strome - Oilers : 5 - Flames : 4.
Goals for this period are 1 for Oilers vs 0 for Flames.
Shots for this period are 5 for Oilers vs 7 for Flames.